 Dungeon Crawl Stone Soup version 0.30-a0-1085-g990a428a5c (webtiles) character file.

Game seed: 14050130651947922367

68 themarg the Caller (level 4, -6/30 HPs)
             Began as a Merfolk Summoner on Apr 16, 2023.
             Killed by divine providence
             ... invoked by an orc priest
              (16 damage)
             ... on level 3 of the Dungeon.
             The game lasted 00:06:33 (2874 turns).

themarg the Caller (Merfolk Summoner)               Turns: 2874, Time: 00:06:35

Health: -6/30      AC:  3    Str:  8    XL:     4   Next: 19%
Magic:  4/7        EV: 12    Int: 16    God:
Gold:   153        SH:  0    Dex: 14    Spells: 1/7 levels left

rFire   . . .      SeeInvis .    u - +1 spear (venom)
rCold   . . .      Faith    .    (no shield)
rNeg    . . .      Spirit   .    a - +0 robe
rPois   .          Reflect  .    (no helmet)
rElec   .          Rampage  .    (no cloak)
rCorr   +                        (no gloves)
Will    .....                    h - +0 pair of boots
Stlth   ++                       (no amulet)
HPRegen 0.25/turn                r - ring of resist corrosion
MPRegen 0.10/turn                (no ring)

@: no status effects
A: (nimble swimmer 2), mertail
a: no special abilities


You were on level 3 of the Dungeon.
You visited 1 branch of the dungeon, and saw 3 of its levels.

You collected 153 gold pieces.

Inventory:

Hand Weapons
 p - a +0 trident
 u - a +1 spear of venom (weapon)
Missiles
 c - 2 datura-tipped darts
 m - 11 stones
Armour
 a - a +0 robe (worn)
 h - a +0 pair of boots (worn)
Jewellery
 o - a ring of positive energy
 r - a ring of resist corrosion (left hand)
Wands
 s - a wand of digging (12)
Scrolls
 d - a scroll of enchant armour {unknown}
 e - 3 scrolls of identify {unknown}
 i - a scroll of fear {unknown}
 j - a scroll of silence {unknown}
 k - a scroll of amnesia {unknown}
 t - a scroll of teleportation {unknown}
Potions
 g - 4 potions of curing
 l - a potion of heal wounds {unknown}
 n - 3 potions of brilliance {unknown}
 q - a potion of flight {unknown}


   Skills:
 - Level 2.6 Dodging
 - Level 3.0 Stealth
 - Level 2.0 Spellcasting
 + Level 5.3 Summonings


You had one spell level left.
You knew the following spells:

 Your Spells              Type           Power      Damage    Failure   Level
a - Summon Small Mammal   Summ           72%        N/A       2%          1
b - Call Imp              Summ           36%        N/A       3%          2
c - Call Canine Familiar  Summ           18%        N/A       7%          3

Your spell library contained the following spells:

 Spells                   Type           Power      Damage    Failure   Level
 Magic Dart               Conj           4%         1d3       21%         1
 Summon Guardian Golem    Hex/Summ       10%        N/A       21%         3
 Searing Ray              Conj           2%         2d4       30%         2
 Dazzling Flash           Conj/Hex       2%         N/A       52%         3
 Summon Lightning Spire   Summ/Air       10%        N/A       56%         4
 Fulminant Prism          Conj/Hex       0%         3d5       90%         4
 Agony                    Necr           1%         N/A       99%         5
 Silence                  Hex/Air        0%         N/A       99%         5


Dungeon Overview and Level Annotations

Branches:
Dungeon (3/15)

Altars:

Shops:
D:1 (


Innate Abilities, Weirdness & Mutations

((You are very nimble when in or above water. (Stealth+, EV+, Speed+++)))
Your lower body shifts to a powerful aquatic tail in water.


Message History

The ball python constricts you.
The orc barely misses your cerulean imp.
Your cerulean imp hits the orc but does no damage.
You hit the ball python.
The ball python is poisoned.
The ball python is severely wounded.
You kill the ball python!
Your hound closely misses something.
The orc hits your cerulean imp with a +0 hand axe.
Your cerulean imp completely misses the orc.
Your hound barely misses something.
The orc priest calls down the wrath of Beogh upon you.
You barely resist.
The orc closely misses your cerulean imp.
Your cerulean imp hits the orc with a -2 spear.
Reach: u) +1 spear (venom)
Press: ? - help, Dir - move target You reach to attack!
You barely miss something.
The orc priest invokes the aid of Beogh against you.
Beogh smites you!
* * * LOW HITPOINT WARNING * * *
The orc hits your cerulean imp with a +0 hand axe.
The orc hits your hound with a +0 hand axe.
Your hound dies!
Your hound's corpse disappears in a puff of smoke!
Your cerulean imp hits the orc but does no damage.
It was a potion of curing.
You feel better.
The orc barely misses your cerulean imp.
Your cerulean imp barely misses the orc.
You don't have enough magic to cast this spell.
Magic courses through your body.
The orc hits your cerulean imp with a +0 hand axe.
Your cerulean imp hits the orc but does no damage.
Something hits you.
* * * LOW HITPOINT WARNING * * *
The spell is quite dangerous to miscast (7% risk of failure)!
Continue anyway?
The orc barely misses you.
The orc priest mumbles some strange prayers to Beogh against you.
Beogh smites you!
Ouch! That really hurt!
You die...

#..........#
#.....#####
#..........#
#..)..# #
#..........#
#.....# #
##.........#
#.....#
#.........#
#.....#
#.........#
#######
#.........#
#.........#######
#.....h@........#
########o.......#
#†5......# #
#o.o.....# #
#........# #
#........#
#....)...#
#........#
#......$.#


You could see an orc priest, 2 orcs, a friendly hound (summoned) and a friendly
cerulean imp (summoned).

Vanquished Creatures
  An orc (D:3)
  An endoplasm (D:3)
  A giant cockroach (D:2)
  4 jackals (D:1)
  3 kobolds
  2 quokkas
  A ball python (D:3)
  2 bats (D:2)
  4 frilled lizards
  A rat (D:2)
20 creatures vanquished.

Vanquished Creatures (collateral kills)
  2 adders (D:2)
  A bat (D:3)
  3 giant cockroaches
  3 hobgoblins
  2 jackals (D:1)
  3 kobolds
  A quokka (D:1)
  2 ball pythons
  2 frilled lizards (D:3)
  4 goblins
  2 rats
25 creatures vanquished.

Grand Total: 45 creatures vanquished

Notes
Turn   | Place    | Note
-------+----------+-------------------------------------------
     0 | D:1      | themarg the Merfolk Summoner began the quest for the Orb.
     0 | D:1      | Reached XP level 1. HP: 13/13 MP: 3/3
   459 | D:1      | Reached XP level 2. HP: 17/19 MP: 0/5
   462 | D:1      | Learned a level 2 spell: Call Imp
   724 | D:1      | Found Okerue's Weapon Emporium.
  1425 | D:2      | Reached XP level 3. HP: 23/24 MP: 2/6
  1429 | D:2      | Learned a level 3 spell: Call Canine Familiar
  2185 | D:2      | Reached skill level 5 in Summonings
  2402 | D:3      | Reached XP level 4. HP: 30/30 MP: 4/7
  2874 | D:3      | Killed from afar by an orc priest

Illustrated notes

Levels and vault maps discovered:
D:1:      elethiomel_arrival_maze, layout_basic, serial_shops,
          nicolae_shop_bloodbath_and_beyond
D:2:      layout_basic
D:3:      layout_basic, minitemple, minmay_misc_feat_more_columns

Skill      XL: |  1  2  3 |
---------------+----------+-----
Stealth        | 3 |  3.0
Summonings     | 5 |  5.3
Dodging        | |  2.6
Spellcasting   | |  2.0

Action                     |  1- 3 |  4- 6 || total
---------------------------+-------+-------++-------
  Melee: Spear             |    56 |     9 ||    65
   Cast: Summon Small Mamm |    39 |     4 ||    43
         Call Imp          |    16 |     3 ||    19
         Call Canine Famil |     3 |     5 ||     8
    Use: Potion            |       |     2 ||     2
   Stab: Distracted        |     2 |       ||     2
         Sleeping          |     1 |       ||     1
 Armour: Robe              |     8 |       ||     8
  Dodge: Dodged            |    25 |     3 ||    28

Table legend: (Time is in decaauts)
 A = Elapsed time spent in this place.
 B = Non-inter-level travel time spent in this place.
 C = Inter-level travel time spent in this place.
 D = Time resting spent in this place.
 E = Time spent auto-exploring this place.
 F = Levels seen in this place.
 G = Mean time per level.
                   A        B        C        D        E       F      G
               +--------+--------+--------+--------+--------+-----+--------+
         Total |   2880 |   2701 |    179 |      0 |   2255 |   3 |  960.0 |
       Dungeon |   2880 |   2701 |    179 |      0 |   2255 |   3 |  960.0 |
               +--------+--------+--------+--------+--------+-----+--------+

Top non-repeatable levels by time:
     D:1: 1258 daAuts
     D:2: 999 daAuts
     D:3: 621 daAuts
